[Event "Romanian Superleague 2022"]
[Site "Oradea"]
[Date "2022.09.26"]
[Round "6.2"]
[White "Nisipeanu, Liviu-Dieter"]
[Black "Ionescu, Constantin"]
[Result "1-0"]
[ECO "B33"]
[WhiteElo "2633"]
[BlackElo "2415"]
[Annotator "TA"]
[PlyCount "85"]
[EventDate "2022.09.21"]
[EventType "team-tourn"]
[EventCountry "ROU"]
[SourceTitle "playchess.com"]
[Source "ChessBase"]
[SourceQuality "1"]
[TimeControl "40/5400+30:1800+30"]

1. e4 c5 2. Nf3 Nc6 3. d4 cxd4 4. Nxd4 Nf6 5. Nc3 e6 6. Ndb5 d6 7. Bf4 e5 8. Bg5 a6 9. Na3 b5 10. Nd5 Be7 11. Bxf6 Bxf6 12. c3 O-O 13. Nc2 Bg5 14. a4 bxa4 15. Rxa4 Bb7 {[%emt 0:01:24] Recently 15...Rb8 got a lot of attention.} 16. Bc4 a5 {[%emt 0:06:33] B33: Sicilian: Pelikan and Sveshnikov Variations.} 17. O-O {[%emt 0:13:25] [#]} Rb8 $146 ({Predecessor:} 17... Ne7 18. Re1 Nc8 19. Qd3 Nb6 20. Nxb6 Qxb6 21. b4 axb4 22. Rxb4 Qc7 23. Rd1 Rfd8 24. Ne3 Bxe3 25. Qxe3 {1-0 (59) Rouda Essa,A (1874)-Hwass,Z (1386) Chennai 2022}) 18. Qd3 Ba8 {[%emt 0:00:42] White is slightly better.} 19. b3 Qc8 20. Na3 Bd8 21. Nb5 Qd7 22. Ne3 {[%emt 0:06:48] White has more active pieces. Pair of Knights!} Ne7 23. Nxd6 ({Don't play} 23. Qxd6 Qxd6 24. Nxd6 Bc7) 23... Bc6 24. Ra2 Bc7 (24... Nc8 $142 25. Nxc8 Qxd3 26. Bxd3 Rxc8) 25. Rd1 $16 Rbd8 {[%emt 0:04:55][%cal Rd7d6] [#]} 26. Rad2 $1 Qxd6 27. Qxd6 Rxd6 28. Rxd6 Bxd6 29. Rxd6 {[%emt 0:00:04] Strongly threatening Nf5.} Bxe4 30. f3 Bc6 {[%emt 0:09:33] [#]} 31. Ng4 $1 Ra8 32. Nxe5 Be8 33. Kf2 g6 34. Rb6 (34. Nd7 $18) 34... Nc8 {[%emt 0:01:42] Loses the game.} (34... Kg7 $16 {was worth a try.} 35. Rb7 Kf8) 35. Ra6 $18 Rxa6 36. Bxa6 {[%emt 0:00:05][%mdl 4096] Endgame KBN-KBN} Nb6 37. Ke3 Kf8 (37... Nd5+ $142 38. Kd4 Nf4) 38. Kd4 Ke7 (38... f6 $142 39. Nc4 a4) 39. Nc4 {[%emt 0:01:01] White is clearly winning.} Nxc4 (39... Na8 $142 40. Nxa5 Kd6) 40. Kxc4 ({Weaker is} 40. Bxc4 Kd6 41. b4 axb4 $18) 40... a4 41. bxa4 Bxa4 42. Kc5 g5 43. c4 {[%emt 0:00:58] Weighted Error Value: White=0.03 (flawless) /Black=0.30} 1-0

[Event "Romanian Superleague 2022"]
[Site "Oradea"]
[Date "2022.09.26"]
[Round "6.3"]
[White "Soltanici, Ruslan"]
[Black "Mendonca, Leon Luke"]
[Result "1/2-1/2"]
[ECO "B11"]
[WhiteElo "2333"]
[BlackElo "2558"]
[Annotator "TA"]
[PlyCount "52"]
[EventDate "2022.09.21"]
[EventType "team-tourn"]
[EventCountry "ROU"]
[SourceTitle "playchess.com"]
[Source "ChessBase"]
[SourceQuality "1"]
[TimeControl "40/5400+30:1800+30"]

1. e4 c6 2. Nc3 d5 3. Nf3 dxe4 4. Nxe4 Nf6 5. Qe2 Nxe4 6. Qxe4 Qa5 {[%emt 0:00:56] B11: Caro-Kann: Two Knights Variation.} 7. Bd3 Nd7 ({Better is} 7... Na6 $11) 8. b4 Qd5 {[%emt 0:08:36] [#]} 9. Qe3 $146 ({Predecessor:} 9. Qe2 Nf6 10. Bc4 Qh5 11. Bb2 Bg4 12. b5 c5 13. O-O-O e6 14. h3 Bxf3 15. gxf3 {½-½ (109) Firouzja,A (2720)-Perez Ponsa,F (2560) Chess.com INT 2019}) 9... Nf6 10. c4 Qd6 11. Rb1 g6 12. O-O Bg7 13. Re1 O-O 14. b5 cxb5 (14... Ng4 {feels hotter.} 15. Qe2 Bd4 16. Rf1 Ne5) 15. Rxb5 b6 16. Bf1 Re8 17. d4 Ba6 18. Rb3 Qc7 19. Ne5 Rad8 (19... e6 $11) 20. Ra3 $16 Bc8 {[%emt 0:02:17] [#]} 21. h3 {[%emt 0:00:25] Prevents Ng4. White is more active.} ({White should try} 21. Qf4 $1 $16) 21... Nd7 22. f4 ({Don't go for} 22. Nxf7 $2 Kxf7 23. c5 Kg8 $19) 22... a5 (22... Nxe5 $11 23. fxe5 Bf5) 23. Rc3 e6 24. Bb2 Bb7 25. Rcc1 Nxe5 26. fxe5 Rd7 {[%emt 0:03:53] Weighted Error Value: White=0.16 (very precise) /Black=0.16 (very precise)} (26... Qd7 $11 {keeps the balance.}) 1/2-1/2

[Event "Romanian Superleague 2022"]
[Site "Oradea"]
[Date "2022.09.26"]
[Round "6.4"]
[White "Ghimpu, Samuel-Timotei"]
[Black "Cosma, Ioan"]
[Result "1/2-1/2"]
[ECO "B89"]
[WhiteElo "2434"]
[BlackElo "2367"]
[Annotator "TA"]
[PlyCount "80"]
[EventDate "2022.09.21"]
[EventType "team-tourn"]
[EventCountry "ROU"]
[SourceTitle "playchess.com"]
[Source "ChessBase"]
[SourceQuality "1"]
[TimeControl "40/5400+30:1800+30"]

1. e4 c5 2. Nf3 d6 3. d4 Nf6 4. Nc3 cxd4 5. Nxd4 Nc6 6. Bc4 e6 7. Be3 a6 8. Bb3 Qc7 9. Qe2 Na5 $1 {[%emt 0:00:19] 9...Na5 scores better than 9...Be7.} 10. g4 {[%emt 0:00:55] Black should prevent g5.} h6 {[%emt 0:02:36] B89: Sicilian: Velimirovic Attack.} 11. f4 Nxb3 {[%emt 0:06:28] [#]} (11... b5 $5 ) 12. Nxb3 $146 (12. axb3 $11 e5 13. Nf5) ({Predecessor:} 12. axb3 Nd7 13. h4 Rb8 14. O-O-O h5 15. gxh5 Nf6 16. h6 gxh6 17. Rhf1 Be7 18. e5 dxe5 19. fxe5 Qxe5 {1-0 (43) Sukovic,A (2283)-Potpara,N (2370) Niksic 2021}) 12... b5 $15 {[%emt 0:01:31] White must now prevent ...b4. Black is slightly better.} 13. g5 hxg5 14. fxg5 Nd7 (14... b4 $15 15. Nd5 Nxd5 16. exd5 e5) 15. g6 (15. a3 $11) 15... Ne5 16. gxf7+ Qxf7 17. O-O-O Qf3 (17... b4 $1 $15 18. Rhf1 Qh5 19. Qxh5+ Rxh5) 18. Qxf3 Nxf3 19. Bf4 b4 20. Na4 e5 21. Nb6 {[%emt 0:02:47] Pair of Knights!} Rb8 22. Nxc8 Rxc8 23. Bg3 Be7 24. Rd5 Kd7 ({Better is} 24... g5 $15) 25. Rd3 $1 $11 Ng5 26. Nd2 (26. Bxe5 {is more complex.} Nxe4 27. Re1 Nf2 28. Rd4) 26... Nf7 27. a3 bxa3 28. Rxa3 Rc6 29. c3 Bg5 30. Rf1 Ke6 31. Kc2 Bxd2 32. Kxd2 Ng5 33. Kd3 Rb8 34. b3 {[%emt 0:03:37] [#]} ({White should play} 34. h4 $11 Nh7 35. Ra2) 34... Nh7 (34... Nxe4 $1 $15 35. Kxe4 Rxc3 36. Bxe5 Rb4+ 37. Bd4 d5+ 38. Kf4 Rxd4+ 39. Kg5 Rc6) 35. Rfa1 {[%emt 0:01:05] The position is equal.} Nf6 36. Be1 Rh8 37. Bg3 Rb8 38. Be1 Rh8 39. Bg3 Nh5 40. Rxa6 Rxa6 {Weighted Error Value: White=0.14 (very precise) /Black=0.18 (very precise)} 1/2-1/2

[Event "Romanian Superleague 2022"]
[Site "Oradea"]
[Date "2022.09.26"]
[Round "6.5"]
[White "Itkis, Boris"]
[Black "Berescu, Alin-Mile"]
[Result "1/2-1/2"]
[ECO "A13"]
[WhiteElo "2332"]
[BlackElo "2440"]
[Annotator "TA"]
[PlyCount "28"]
[EventDate "2022.09.21"]
[EventType "team-tourn"]
[EventCountry "ROU"]
[SourceTitle "playchess.com"]
[Source "ChessBase"]
[SourceQuality "1"]
[TimeControl "40/5400+30:1800+30"]

1. Nf3 Nf6 2. c4 e6 3. g3 d5 4. Bg2 dxc4 5. Qa4+ Nbd7 6. Qxc4 a6 7. Qb3 {[%emt 0:01:40] [#]} e5 $146 {[%emt 0:13:09] A13: English Opening: 1...e6.} ({Predecessor:} 7... Rb8 8. O-O b5 9. d3 Bb7 10. Bg5 Be7 11. Nc3 O-O 12. a4 Nc5 13. Qc2 b4 14. Nd1 b3 15. Qc1 Nd5 16. Bxe7 Qxe7 {0-1 (36) Howell,D (2666)-Predke,A (2580) Riga 2021}) 8. Nc3 Bc5 9. O-O ({Reject} 9. d4 exd4 10. Nd5 O-O $15) 9... O-O {[%emt 0:00:13] White is slightly better.} 10. e3 Ba7 11. d4 {[%emt 0:01:39] Prevents Nc5.} exd4 12. exd4 c6 13. Bf4 Nb6 14. Rad1 Be6 {[%emt 0:54:29] Weighted Error Value: White=0.11 (very precise) /Black=0.04 (flawless)} 1/2-1/2

[Event "Romanian Superleague 2022"]
[Site "Oradea"]
[Date "2022.09.26"]
[Round "6.6"]
[White "Talu, Mircea"]
[Black "Bulau, Andrei-Cristian"]
[Result "1/2-1/2"]
[ECO "D17"]
[WhiteElo "2331"]
[BlackElo "2183"]
[Annotator "TA"]
[PlyCount "122"]
[EventDate "2022.09.21"]
[EventType "team-tourn"]
[EventCountry "ROU"]
[SourceTitle "playchess.com"]
[Source "ChessBase"]
[SourceQuality "1"]
[TimeControl "40/5400+30:1800+30"]

1. d4 d5 2. c4 c6 3. Nc3 Nf6 4. Nf3 dxc4 5. a4 Bf5 6. Ne5 e6 7. f3 Bb4 8. Nxc4 $1 {[%emt 0:01:00][%mdl 4] now scores much better than the old 8.e4.} Na6 {[%emt 0:03:22] D17: Slav Defence: 5 a4 Bf5: Lines with 6 Nh4 and 6 Ne5.} (8... O-O $11) 9. Kf2 {[%emt 0:14:34] [#]} (9. e4 $14 Bg6 10. Ne5) 9... O-O $146 (9... c5 $11) ({Predecessor:} 9... c5 10. dxc5 Qxd1 11. Nxd1 Bc2 12. Nd6+ Ke7 13. Ne3 Bb3 14. Ndc4 Bxc5 15. Kg3 Rac8 {0-1 (33) Puchkov,A (2252)-Kavalenia,L (2289) Dimitrov 2007}) 10. e4 $14 Bg6 {[%emt 0:02:08] White is slightly better.} 11. Be3 Qe7 12. Na2 c5 (12... Nh5 $14) 13. Nxb4 $16 cxd4 {[%emt 0:00:39] [#]} 14. Qxd4 {[%emt 0:09:51] Threatens to win with Nxa6.} Qxb4 (14... Rfd8 15. Qe5) 15. Nd6 Rfd8 16. Qxb4 {[%emt 0:02:18] White is more active.} Nxb4 17. Bc5 a5 (17... Nc2 $16 18. Rc1 b6 19. Rxc2 bxc5) 18. Bb5 $18 (18. Nxb7 Rd2+ 19. Be2 Nd3+ 20. Ke3 Nxc5 21. Nxc5 (21. Kxd2 Nxb7 22. Rac1 Kf8 $11) 21... Rxb2 $14) 18... Na6 19. Ba3 {[%emt 0:02:29] This bishop pair is nice.} ({Not} 19. Nxb7 Rd2+ 20. Ke3 Nxc5 21. Kxd2 Nxb7 $11) 19... Nc7 20. Be2 ({Don't take} 20. Nxb7 Nxb5 21. axb5 Rd3) 20... Rab8 21. Rac1 Nfe8 22. Nxe8 Nxe8 23. Rc5 b6 24. Rc6 h6 (24... e5 $16 {might work better.} 25. Rd1 Rxd1 26. Bxd1 f6) 25. h4 Nf6 (25... f5 $142) 26. Ke3 h5 27. Rhc1 Nd7 28. Rd1 f6 (28... Nc5 {was necessary.} 29. Rxd8+ Rxd8 30. Bxc5 bxc5 31. Rxc5 Ra8) 29. Bb5 Ne5 30. Rxd8+ Rxd8 31. Rxb6 ({But not} 31. Rxe6 Bf7 32. Rxb6 Nc4+ 33. Bxc4 Bxc4 $18) 31... Be8 32. Rxe6 Bxb5 33. axb5 {[%emt 0:00:07][%mdl 4096] Endgame KRB-KRN} Nc4+ 34. Kf4 Rb8 {[%emt 0:00:17] [#] Against b6} 35. b6 Nxb6 36. Kf5 ({Better is} 36. e5) 36... Nc4 $16 37. Ra6 (37. Rc6 $5 Rb5+ 38. Ke6 Nxb2 39. Bd6 $14) 37... Rb5+ 38. Ke6 Nxb2 39. Ra8+ Kh7 40. Bxb2 (40. Bf8 $14) 40... Rxb2 $11 {[%emt 0:00:00] The position is equal.} 41. Rxa5 $14 {[%emt 0:01:07] KR-KR} Kg6 42. f4 Rxg2 43. e5 fxe5 44. Rxe5 Rg4 45. f5+ Kh6 46. f6 {[%emt 0:00:40] aiming for f7.} gxf6 47. Kxf6 Rf4+ 48. Rf5 Rxh4 49. Rf2 Ra4 50. Kf5 Ra8 51. Kf4 Rg8 52. Kf3 Rg4 53. Rg2 Kg5 54. Rxg4+ hxg4+ $11 {[%emt 0:00:02] KP-K} 55. Kg3 Kf5 56. Kg2 Kf4 57. Kf2 g3+ 58. Kg2 Kg4 59. Kg1 Kf3 60. Kf1 g2+ 61. Kg1 Kg3 {[%emt 0:00:03] Black defended with fortune.  Weighted Error Value: White=0.14 (very precise) /Black=0.16 (very precise)} 1/2-1/2

[Event "Romanian Superleague 2022"]
[Site "Oradea"]
[Date "2022.09.26"]
[Round "6.7"]
[White "Marin, Mihail"]
[Black "Pranav Vijay"]
[Result "1/2-1/2"]
[ECO "A11"]
[WhiteElo "2457"]
[BlackElo "2265"]
[Annotator "TA"]
[PlyCount "45"]
[EventDate "2022.09.21"]
[EventType "team-tourn"]
[EventCountry "ROU"]
[SourceTitle "playchess.com"]
[Source "ChessBase"]
[SourceQuality "1"]
[TimeControl "40/5400+30:1800+30"]

1. Nf3 Nf6 2. g3 d5 3. Bg2 c6 4. O-O Bg4 5. c4 Nbd7 6. cxd5 cxd5 7. Qb3 Qb6 {[%emt 0:08:41] A11: English Opening: 1...c6.} 8. Qxb6 axb6 9. Nc3 e6 {[%emt 0:05:22] White is slightly better.} 10. h3 (10. Nd4 $16) 10... Bxf3 $11 11. Bxf3 {[%emt 0:00:05] [#]} Nc5 $146 ({Predecessor:} 11... Bb4 12. a3 Ke7 13. Rb1 Bd6 14. d4 Rac8 15. Bd2 Nb8 16. e4 dxe4 17. Nxe4 Nc6 18. Nxf6 gxf6 {1-0 (50) Dastan,B (2416)-Galojan,L (2317) Yerevan 2014}) 12. Rd1 Kd7 13. d4 Nb3 14. Rb1 Nxc1 15. Rdxc1 Bb4 16. Nb5 (16. a3 $5 Bxc3 17. bxc3 $11) 16... Rhc8 {[%emt 0:01:18] Inhibits Rc7+. The position is equal.} 17. a3 Bd2 18. Rxc8 Rxc8 19. e3 {[%emt 0:00:07] Threatens to win with Kf1.} Rc1+ 20. Rxc1 Bxc1 21. b3 Ne8 22. Kf1 Nc7 23. Nxc7 {[%emt 0:00:09] Weighted Error Value: White=0.10 (very precise) /Black=0.10 (very precise)} 1/2-1/2

[Event "Romanian Superleague 2022"]
[Site "Oradea"]
[Date "2022.09.26"]
[Round "6.8"]
[White "Grigore, George-Gabriel"]
[Black "Miron, Lucian-Costin"]
[Result "1/2-1/2"]
[ECO "D32"]
[WhiteElo "2455"]
[BlackElo "2498"]
[Annotator "TA"]
[PlyCount "35"]
[EventDate "2022.09.21"]
[EventType "team-tourn"]
[EventCountry "ROU"]
[SourceTitle "playchess.com"]
[Source "ChessBase"]
[SourceQuality "1"]
[TimeControl "40/5400+30:1800+30"]

1. d4 d5 2. c4 e6 3. Nc3 c5 4. cxd5 cxd4 5. Qa4+ Bd7 6. Qxd4 exd5 7. Qxd5 Nf6 8. Qd1 Bc5 9. e3 Nc6 10. Nf3 Qe7 11. Be2 O-O 12. O-O Rfd8 13. a3 Rac8 {[%emt 0:07:22] D32: Tarrasch Defence: Sidelines and lines without g3.} 14. Qc2 {[%emt 0:06:14] [#]} Ne5 $146 ({Predecessor:} 14... Bd6 15. Rd1 Ne5 16. Nd4 Neg4 17. g3 Rc5 18. e4 Rh5 19. Bxg4 Nxg4 20. Nd5 Qe8 21. h4 Rc8 22. Qe2 Re5 23. f3 Ba4 24. Bf4 Bxd1 25. Rxd1 Rxd5 26. exd5 Bxf4 27. gxf4 {½-½ (30) Mamedyarov,S (2759)-Boruchovsky,A (2551) Chennai 2022}) 15. Nd4 Nc6 16. Nf3 Ne5 $1 17. Nd4 Nc6 18. Nf3 {[%emt 0:10:24] White did not feel at home in the position after the opening.  Weighted Error Value: White=0.24 (precise) /Black=0.07 (flawless)} ({Better is} 18. Rd1 $14) 1/2-1/2

[Event "Romanian Superleague 2022"]
[Site "Oradea"]
[Date "2022.09.26"]
[Round "6.9"]
[White "Secheres, Adrian-Simion"]
[Black "Istratescu, Andrei"]
[Result "1-0"]
[ECO "D37"]
[WhiteElo "2375"]
[BlackElo "2408"]
[Annotator "TA"]
[PlyCount "117"]
[EventDate "2022.09.21"]
[EventType "team-tourn"]
[EventCountry "ROU"]
[SourceTitle "playchess.com"]
[Source "ChessBase"]
[SourceQuality "1"]
[TimeControl "40/5400+30:1800+30"]

1. d4 Nf6 2. c4 e6 3. Nf3 d5 4. Nc3 a6 5. cxd5 exd5 6. Bg5 {[%emt 0:00:27] D37: Queen's Gambit Declined: 5 Bf4.} Be6 7. e3 Nbd7 8. Bd3 {[%emt 0:00:25] White has an edge.} Bd6 9. O-O c6 {[%emt 0:00:44] 9...c6 scores better than 9...0-0.} 10. Bf4 Qc7 11. Bxd6 Qxd6 12. h3 O-O 13. Qc2 Rfe8 14. Rac1 h6 15. Rfe1 {[%emt 0:00:50] [#]} Rac8 $146 ({Predecessor:} 15... Rad8 16. Na4 Ne4 17. Nc5 Ndxc5 18. dxc5 Qe7 19. b4 Qf6 20. Nd4 Qg5 21. f3 Ng3 {½-½ (56) Saydaliev,S (2390)-Ning,K (2224) Moscow 2019}) 16. Na4 Ne4 17. Bxe4 dxe4 18. Nd2 Bd5 19. Nc5 Nxc5 20. Qxc5 Qxc5 21. Rxc5 Kf8 22. b3 Ke7 23. f3 Kd6 24. Kf2 Re6 25. Rec1 Rce8 {[%emt 0:00:34] Threatens to win with ...exf3.} 26. R5c3 Kd7 27. f4 Rd6 28. Rc5 h5 29. Nc4 Bxc4 30. bxc4 $14 {[%emt 0:01:48][%mdl 4096] Endgame KRR-KRR} g6 {[%emt 0:00:20] Prevents Rf5.} 31. Rb1 Kc7 32. a4 {[%emt 0:03:04] White is more active.} (32. Rg5 $14) 32... b6 (32... f6 $11 {is superior.} 33. a5 Rdd8) 33. Rg5 Rf6 {[%emt 0:00:22] Against f5} (33... c5 $14) 34. g4 h4 35. Ke2 Rfe6 {[%emt 0:00:46] [#]} ({Black should try} 35... Rd6) 36. f5 (36. a5 $1 $16) 36... Rf6 $1 37. Rf1 Re7 $2 (37... b5 $1 $11 {and Black has nothing to worry.}) 38. Rf4 ({White should play} 38. fxg6 $18 Rxf1 39. g7 (39. Kxf1 fxg6 40. Rxg6 Rf7+ 41. Ke2 Rf3 $16)) 38... c5 $2 (38... b5 $16 {is a better defense.}) 39. fxg6 $18 Rxg6 (39... Rxf4 $2 40. g7 Re8 41. exf4 $18) 40. Rxg6 fxg6 {[%emt 0:00:00] KR-KR} 41. Rf6 cxd4 $2 (41... Rg7 42. a5 (42. dxc5 bxc5 43. Rxa6 Rg8 $16) 42... bxa5) 42. exd4 e3 43. a5 (43. Rxg6 Re4 $18) 43... bxa5 44. Rxg6 Re4 (44... Kb7 $142 45. c5 a4 46. Rb6+ Ka7) 45. Rxa6 Rxd4 46. Rxa5 Rxc4 47. Ra3 $2 (47. Rh5 Kd6 48. Rxh4) 47... Kd6 48. Rxe3 {[%emt 0:00:49] Kf3 is the strong threat.} ({Much less strong is} 48. Kxe3 $6 Ke5 $16) 48... Rc8 {[%emt 0:00:15] [#]} 49. Ra3 $2 (49. Kf3 $1 $18 Rf8+ 50. Ke4) 49... Ke5 $11 50. Ke3 Rc5 51. Kf3 Rb5 52. Re3+ Kf6 53. Kf4 {[%emt 0:00:35] Hoping for Re4.} Rb4+ (53... Rb6 $1 $11) 54. Re4 $18 Rb3 (54... Rb5 55. Ra4 Kg6 56. Ra6+ Kf7) 55. g5+ Kg6 56. Kg4 ({Not} 56. Re6+ Kh7 $18) 56... Rg3+ 57. Kxh4 Rxg5 58. Re6+ Kf5 59. Re5+ $1 {[%emt 0:00:04] Weighted Error Value: White=0.27 (precise) /Black=0.37} 1-0

[Event "Romanian Superleague 2022"]
[Site "Oradea"]
[Date "2022.09.26"]
[Round "6.10"]
[White "Vedmediuc, Serghei"]
[Black "Filip, Andrei"]
[Result "1/2-1/2"]
[ECO "C42"]
[WhiteElo "2430"]
[BlackElo "2356"]
[Annotator "ChessBase"]
[PlyCount "102"]
[EventDate "2022.09.21"]
[EventType "team-tourn"]
[EventCountry "ROU"]
[SourceTitle "playchess.com"]
[Source "ChessBase"]
[SourceQuality "1"]
[TimeControl "40/5400+30:1800+30"]

1. e4 e5 2. Nf3 Nf6 3. Nxe5 d6 4. Nf3 Nxe4 5. d4 d5 6. Bd3 Bd6 7. O-O O-O 8. c4 c6 9. Nc3 Nxc3 10. bxc3 dxc4 11. Bxc4 Bf5 12. Bg5 Qa5 13. d5 Qc7 14. Re1 h6 15. Bh4 Nd7 16. dxc6 bxc6 17. Be7 Bxe7 18. Rxe7 Qd8 19. Qe1 Nb6 20. Rd1 Qc8 21. Bb3 c5 22. Qe5 c4 23. Nd4 Bg4 24. Bc2 Nd7 25. Qg3 Nf6 26. Rde1 Qb8 27. f4 Bd7 28. Bf5 Bxf5 29. Nxf5 Nh5 30. Qg4 Qb6+ 31. R7e3 g6 32. Nxh6+ Kh7 33. Nf5 Rae8 34. Kf1 Rxe3 35. Nxe3 Re8 36. Qf3 Qf6 37. Nxc4 Rxe1+ 38. Kxe1 Nxf4 39. Nd2 Qe5+ 40. Kf1 Kg8 41. Qa8+ Kh7 42. Qe4 Qg5 43. Qf3 Qb5+ 44. c4 Qe5 45. g3 Qa1+ 46. Kf2 Qd4+ 47. Qe3 Nh3+ 48. Ke2 Ng1+ 49. Kf2 Nh3+ 50. Ke2 Ng1+ 51. Kf2 Nh3+ 1/2-1/2

[Event "Romanian Superleague 2022"]
[Site "Oradea"]
[Date "2022.09.26"]
[Round "6.11"]
[White "Ciorgovean, Iustin"]
[Black "Manea, Alexandru"]
[Result "1/2-1/2"]
[ECO "E01"]
[WhiteElo "2314"]
[BlackElo "2326"]
[Annotator "ChessBase"]
[PlyCount "103"]
[EventDate "2022.09.21"]
[EventType "team-tourn"]
[EventCountry "ROU"]
[SourceTitle "playchess.com"]
[Source "ChessBase"]
[SourceQuality "1"]
[TimeControl "40/5400+30:1800+30"]

1. Nf3 Nf6 2. g3 d5 3. Bg2 e6 4. c4 c6 5. d4 Nbd7 6. O-O Bd6 7. Nfd2 O-O 8. Nc3 Be7 9. e4 dxe4 10. Ndxe4 Nxe4 11. Nxe4 e5 12. d5 f5 13. dxc6 bxc6 14. Nd6 Qc7 15. Nxc8 Raxc8 16. b3 Bc5 17. Bb2 e4 18. Qh5 Rce8 19. Rad1 Ne5 20. Bxe5 Rxe5 21. Kh1 Qe7 22. f4 Re6 23. Qe2 g6 24. Rd2 Bb4 25. Rdd1 Rff6 26. Qc2 Bc5 27. Rd2 Bb4 28. Rd4 Rd6 29. Rfd1 Bc5 30. R4d2 Rxd2 31. Rxd2 Rd6 32. Qd1 Rxd2 33. Qxd2 Bb4 34. Qd1 Kg7 35. Bf1 Bc5 36. Qd2 Kh6 37. Kg2 Bb4 38. Qd4 Bc5 39. Qd2 Kg7 40. Be2 Kf7 41. Qc3 Kg8 42. a3 a5 43. Qxa5 Bxa3 44. c5 Qxc5 45. Qxc5 Bxc5 46. Ba6 Bb4 47. Bb7 c5 48. Bd5+ Kg7 49. h3 Bd2 50. h4 Kf6 51. Kf2 Bc1 52. Bc4 1/2-1/2

[Event "Romanian Superleague 2022"]
[Site "Oradea"]
[Date "2022.09.26"]
[Round "6.12"]
[White "Vilcu, Matei-Stefan"]
[Black "Carmaciu, Lucian-Catalin"]
[Result "1/2-1/2"]
[ECO "B01"]
[WhiteElo "2221"]
[BlackElo "2376"]
[Annotator "TA"]
[PlyCount "207"]
[EventDate "2022.09.21"]
[EventType "team-tourn"]
[EventCountry "ROU"]
[SourceTitle "playchess.com"]
[Source "ChessBase"]
[SourceQuality "1"]
[TimeControl "40/5400+30:1800+30"]

1. e4 d5 2. exd5 Qxd5 3. Nc3 Qa5 4. d4 Nf6 5. Bd2 c6 6. Bc4 Bg4 {[%emt 0:00:29] B01: Scandinavian Defence.} (6... Qd8 $11 {should be considered.}) 7. f3 $16 Bf5 8. g4 Bg6 ({Better is} 8... Bd7) 9. f4 e6 {[%emt 0:03:31] Inhibits f5.} (9... Qb6 $16) 10. f5 $1 $18 exf5 11. g5 $1 $36 {[%emt 0:00:58][%mdl 2048] White is on the roll.} Nfd7 (11... Bh5 $2 12. Be2 $18 (12. Nf3 Nfd7 $16)) (11... Nh5 $142) 12. Qe2+ Be7 (12... Kd8 $142 13. O-O-O Bd6) 13. h4 {[%emt 0:03:17][%cal Bh2h4,Bh4h5][%mdl 32] [#]} f4 $146 (13... b5 {keeps fighting.} 14. Nxb5 Qd8) ({Predecessor:} 13... h6 14. h5 Bh7 15. Nb5 Qd8 16. Nd6+ Kf8 17. Nxf7 Qc7 18. Nxh8 Qg3+ 19. Qf2 Bd6 {1-0 (29) Hunold,R (2091)-Jung,M (1819) Buesum 2016}) 14. h5 Bxc2 {[%emt 0:01:21] [#]} 15. Nb5 $1 Qb6 16. Nd6+ Kf8 17. Nxf7 {[%emt 0:00:34] And now Nf3 would win.} (17. Nc8 Qd8 18. Nxe7 Qxe7 $11) 17... Rg8 (17... Qxb2 18. Rc1 Rg8 19. Qe6) (17... Qxd4 $142 18. Nxh8 Qe4) 18. Nf3 {[%emt 0:06:00][%cal Of7d6] Nd6! is the strong threat.} Na6 19. Qe6 Nac5 {[%emt 0:01:24] [#]} 20. N7e5 $1 Nxe6 21. Nxd7+ Ke8 22. Nxb6 axb6 23. Bxe6 Rf8 24. O-O Bf5 25. Bxf5 Rxf5 26. Rfe1 Kd7 27. Re5 Raf8 28. Rae1 Bd6 29. Rxf5 Rxf5 30. Kf2 b5 31. Re4 h6 32. gxh6 gxh6 33. Ne5+ Kc8 34. Rxf4 Rxh5 35. Rf6 Bxe5 36. dxe5 Rxe5 37. Bxh6 {[%emt 0:00:31][%mdl 4096] Endgame KRB-KR} (37. Rxh6 Rf5+ 38. Ke3 Rf7) 37... Rc5 38. Rd6 b4 39. Rd2 Ra5 40. b3 Rh5 41. Bf4 b6 42. Ke3 Kb7 43. Bd6 c5 44. Ke4 {[%emt 0:00:39] Strongly threatening Be5.} Kc6 45. Bf4 {[%emt 0:01:35] White threatens Rd6+ and mate.} Rh1 46. Rd6+ Kb5 47. Rh6 Re1+ 48. Kd5 Re7 {[%emt 0:00:40] Inhibits Bc7.} (48... Rd1+ {was worth a try.} 49. Ke6 Ra1) 49. Kd6 Rf7 50. Be5 Ra7 51. Rh2 {[%emt 0:00:43] Black must now prevent Bf6.} Rf7 52. Ke6 Rf3 53. Kd6 Rf7 $1 54. Rd2 Rh7 55. Ke6 Ra7 56. Bf6 Ra8 $2 (56... Ra6 57. Bg5 Kc6) 57. Bd8 {[%emt 0:00:59] Kd7 would kill now.} c4 58. Rd5+ Kc6 59. Rd6+ Kc5 (59... Kb5 $18 60. Kd5 Ka6 61. Rxb6+ Ka7) 60. Rd5+ $2 (60. Bxb6+ {mates} Kb5 61. Bg1 (61. bxc4+ Kxc4 62. Rd4+ Kb5 $11) 61... Rg8 62. Rd5+ Ka6 63. Bf2 (63. bxc4 Rg6+ 64. Kd7 Rxg1 $16) 63... Rg2 64. Bd4 (64. bxc4 Rxf2 65. Rb5 Rxa2 $11) 64... c3 65. Rd6+ Kb5 66. Rb6+ Ka5 67. Rc6) 60... Kc6 61. Rd6+ $2 (61. bxc4 Rxa2 62. Rb5 Rc2 $14) (61. Rd4 $18) 61... Kc5 $1 62. Bxb6+ Kb5 63. Kd5 (63. bxc4+ Kxc4 64. Rd4+ Kb5 $11) 63... cxb3 64. axb3 Ra3 65. Bd8 Rxb3 66. Rb6+ Ka5 67. Rb8+ $1 Ka6 68. Kc4 {[%emt 0:00:38] White is better.} Rb1 69. Bf6 ({Much worse is} 69. Rxb4 $6 Rxb4+ 70. Kxb4 $11) 69... Ka7 70. Rd8 Kb7 71. Be7 b3 72. Bf6 Kc7 73. Rd3 $1 Kc6 74. Be5 $1 Kb6 75. Kb4 (75. Rxb3+ Rxb3 76. Kxb3 $11) 75... Kc6 76. Rd6+ Kb7 77. Rd2 Re1 78. Bd4 ({Don't play} 78. Kxb3 Rxe5 79. Kc4 Kc6 $11) 78... Rb1 79. Bb2 Re1 80. Kxb3 (80. Kc4 {is more complex.} Re3 81. Bc3 Kc6 82. Rb2) 80... Re4 81. Bd4 Re7 82. Kc4 Kc6 83. Ra2 Rd7 84. Ra6+ Kb7 85. Rh6 Rc7+ 86. Bc5 Rc6 87. Rh7+ Rc7 88. Rh3 Rd7 {[%emt 0:00:33] [#]} 89. Kb5 $1 Rf7 90. Ra3 Rd7 91. Ra6 Kc7 92. Kc4 Kb7 93. Rf6 Kc7 94. Kb5 Kb7 95. Bd6 Kc8 96. Kc6 Rc7+ 97. Kb6 Rb7+ 98. Kc5 Kd7 99. Kd5 Rb5+ {[%emt 0:01:37] [#]} 100. Bc5 $1 {[%emt 0:00:04] White wants to mate with Rf7+.} Rb7 101. Rf7+ Kc8 102. Be7 Rd7+ 103. Ke6 Rc7 104. Bd6 {[%emt 0:00:17] Weighted Error Value: White=0.46/Black=0.42} (104. Rf3 $16) 1/2-1/2